 Dungeon Crawl Stone Soup version 0.20.1-1-g8b1a95d (webtiles) character file.

124 Gremour the Ruffian (level 5, -5/41 HPs)
             Began as a Ghoul Gladiator on Sept 12, 2017.
             Slain by a two-headed ogre
             ... wielding a +0 giant spiked club
              (12 damage)
             ... on level 4 of the Dungeon.
             The game lasted 00:22:51 (2868 turns).

Gremour the Ruffian (Ghoul Gladiator)               Turns: 2868, Time: 00:22:52

Health: -5/41      AC:  7    Str: 23    XL:     5   Next: 8%
Magic:  4/4        EV: 12    Int:  4    God:
Gold:   190        SH:  4    Dex: 10    Spells: 4/4 levels left

rFire    . . .     SeeInvis .     - Unarmed
rCold    + . .     Gourm    .   (no shield)
rNeg     + + +     Faith    .   i - +0 ring mail
rPois    ∞         Spirit   .   b - +0 helmet
rElec    .         Reflect  +   (no cloak)
rCorr    +         Harm     .   o - +0 pair of gloves
MR       .....                  (no boots)
Stlth    +.........             r - +4 amulet of reflection
Regen    0.0/turn               (no ring)
MPRegen  0.1/turn               n - ring of resist corrosion

@: mighty, rotting
A: rotting body, claws 1, carnivore 3, cold resistance 1, negative energy
resistance 3, inhibited regeneration, torment resistance, unbreathing
a: no special abilities


You were on level 4 of the Dungeon.
You were not hungry.

You visited 1 branch of the dungeon, and saw 4 of its levels.

You collected 190 gold pieces.

Inventory:

Hand Weapons
 a - a +0 morningstar
Missiles
 c - 3 throwing nets (quivered)
Armour
 b - a +0 helmet (worn)
 i - a +0 ring mail (worn)
 o - a +0 pair of gloves (worn)
Jewellery
 g - an uncursed ring of ice
 n - a ring of resist corrosion (right hand)
 r - a +4 amulet of reflection (around neck)
Scrolls
 e - 2 scrolls of enchant weapon
 f - 5 scrolls of identify
 l - 4 scrolls of remove curse
 p - a scroll of noise {unknown}
 t - a scroll of teleportation {unknown}
 v - a scroll of fog {unknown}
Potions
 j - a potion of curing
 k - a potion of magic
 m - a potion of degeneration {unknown}
 q - a potion of brilliance
 u - a potion of haste {unknown}
Comestibles
 d - 5 meat rations
 w - 2 royal jellies


   Skills:
 - Level 2.1 Fighting
 + Level 2.1 Throwing
 * Level 1.3 Armour
 + Level 3.1 Dodging
 - Level 0.2 Stealth
 + Level 5.1 Unarmed Combat


You had 4 spell levels left.
You didn't know any spells.

Dungeon Overview and Level Annotations

Branches:
Dungeon (4/15)
 Temple: D:4-7

Altars:
Fedhas


Innate Abilities, Weirdness & Mutations

Your body is rotting away.
You thrive on raw meat.
You are immune to poison.
You have sharp fingernails.
You are carnivorous and can eat meat at any time.
Your flesh is cold resistant. (rC+)
You are immune to negative energy. (rN+++)
You do not regenerate when monsters are visible.
You are immune to unholy pain and torment.
You can survive without breathing.


Message History

You punch the two-headed ogre!
The two-headed ogre is lightly wounded.
The two-headed ogre closely misses you.
The two-headed ogre hits you with a giant club.
You hit the two-headed ogre.
The two-headed ogre is moderately wounded.
You hit the two-headed ogre.
The two-headed ogre is moderately wounded.
The two-headed ogre closely misses you. The two-headed ogre misses you.
You hit the two-headed ogre.
The two-headed ogre is moderately wounded.
The two-headed ogre hits you with a giant spiked club!!
Ouch! That really hurt!
* * * LOW HITPOINT WARNING * * *
The two-headed ogre closely misses you.
It was a potion of might.
You feel very mighty all of a sudden. The two-headed ogre closely misses you.
The two-headed ogre hits you with a giant club!
You die...

#.##...........#
..#.......#...##
.........##..##
###......##..#
##.....##...
##.#..##.##.
...#..##.##.##
#####..........
#@.##.##.## #O.#
.# #..# .# #..#
.# ###
#..##.#.....
#...........
#..#####...#
#..# . #...


You could see a two-headed ogre.

Vanquished Creatures
  A worker ant (D:3)
  2 adders (D:2)
  2 dart slugs (D:1)
  A leopard gecko (D:2)
  2 orcs (D:4)
  9 bats
  2 giant cockroaches (D:3)
  8 goblins
  14 hobgoblins
  9 jackals
  A frilled lizard (D:1)
  6 kobolds
  15 rats
72 creatures vanquished.

Notes
Turn   | Place    | Note
-------+----------+-------------------------------------------
     0 | D:1      | Gremour the Ghoul Gladiator began the quest for the Orb.
     0 | D:1      | Reached XP level 1. HP: 17/17 MP: 0/0
    95 | D:1      | Reached XP level 2. HP: 23/24 MP: 1/1
   430 | D:1      | Reached XP level 3. HP: 27/29 MP: 2/2
   840 | D:2      | Lost intelligence.
  1124 | D:2      | Reached skill level 4 in Unarmed Combat
  1376 | D:2      | Reached skill level 1 in Armour
  1397 | D:2      | Reached XP level 4. HP: 36/36 MP: 3/3
  1915 | D:3      | Found a blossoming altar of Fedhas.
  2285 | D:3      | Reached skill level 5 in Unarmed Combat
  2658 | D:3      | Reached XP level 5. HP: 39/41 MP: 4/4
  2854 | D:4      | Noticed a two-headed ogre
  2868 | D:4      | Slain by a two-headed ogre

Skill      XL: |  1  2  3  4 |
---------------+-------------+-----
Dodging        | 3 |  3.1
Throwing       | 2 |  2.1
Unarmed Combat | 4 5 |  5.1
Armour         | 1 |  1.3
Fighting       | |  2.1
Stealth        | |  0.2

Action                   |  1- 3 |  4- 6 || total
-------------------------+-------+-------++-------
Melee: Unarmed           |   124 |   126 ||   250
       Punch             |     1 |     1 ||     2
  Use: Scroll            |     2 |       ||     2
       Potion            |       |     5 ||     5
  Eat: Chunk             |    32 |    28 ||    60
Armor: Leather armour    |     8 |       ||     8
       Ring mail         |    33 |    36 ||    69
Dodge: Dodged            |    91 |    73 ||   164
Block: Other             |       |    10 ||    10
